AoeStats
← earlitepainters

Arena

510413644Analyzed
1v1 RM · 2d ago on Sep 30, 2026· 49m 29s· 2 players
Game mode
Random Map
Map size
Tiny (2 player)
Population
200
Speed
Normal
Resources
Standard
Victory
Conquest
Starting age
Dark Age
Ending age
Imperial Age
RankedLock teamsTeams togetherTeam positionsShared explorationLock speedFull tech treeHidden civsTurbo modeCheats
Victory
Defeat
🇺🇸 Turks · United States
1321
+15
🇦🇺 Turks · Australia
1304
-15
earlitepainters
10:44 Feudal Age
11:18 Loom
15:16 Castle Age
13:41 Double-Bit Axe
13:39 Horse Collar
16:22 Bloodlines
17:52 Bow Saw
19:38 Wheelbarrow
22:39 Stone Mining
24:01 Scale Barding Armor
28:18 Imperial Age
41:54 Forging
43:25 Heavy Camel Rider
45:10 Chain Barding Armor
45:26 Iron Casting
dick_hawkins
10:35 Feudal Age
16:06 Castle Age
14:19 Double-Bit Axe
14:25 Gold Mining
20:09 Imperial Age
35:35 Bloodlines
35:25 Husbandry
35:44 Fletching
35:54 Padded Archer Armor
37:47 Bodkin Arrow
38:07 Leather Archer Armor
39:28 Scale Barding Armor
39:33 Forging
40:41 Leather Archer Armor
41:18 Loom
43:26 Forging
45:54 Heavy Camel Rider
47:13 Iron Casting
Connection lost

Rejoining the realm…

Still unreachable

The connection could not be restored.

Session expired

The server has moved on; the page needs a fresh start.